 Dungeon Crawl Stone Soup version 0.30-a0-847-g17996783a1 (webtiles) character file.

Game seed: 11626451875964106814

33927 Newt the Unseen (level 14, 0/84 HPs)
             Began as a Kobold Hunter on Mar 3, 2023.
             Was a High Priest of Dithmenos.
             Slain by an elephant (14 damage)
             ... on level 5 of the Lair of Beasts.
             The game lasted 00:17:49 (13817 turns).

Newt the Unseen (Kobold Hunter)                    Turns: 13817, Time: 00:17:50

Health: 0/84       AC:  6    Str:  9    XL:     14   Next: 10%
Magic:  18/18      EV: 24    Int:  9    God:    Dithmenos [*****.]
Gold:   788        SH:  0    Dex: 26    Spells: 13/13 levels left

rFire   . . .      SeeInvis +    l - +8 dagger of the Throat {spect, Fly Int+2 Stlth+}
rCold   . . .      Faith    .    (no shield)
rNeg    . . .      Spirit   .    w - +1 leather armour of the Enchanted Forest {rPois Regen+ Int-3 Dex+3}
rPois   +          Reflect  .    Q - +2 hat
rElec   .          Rampage  .    z - scarf {repulsion}
rCorr   .                        (no gloves)
Will    +....                    (no boots) Stlth ******++++
                                 (no amulet)
HPRegen 1.14/turn                g - ring of see invisible
MPRegen 0.16/turn                p - ring of wizardry

@: about to teleport, flying, wreathed by umbra, repel missiles
A: small, no large weapons, nightstalker 3
a: Renounce Religion, Shadow Step, Shadow Form


You were on level 5 of the Lair of Beasts.
You worshipped Dithmenos.
Dithmenos was extremely pleased with you.
You visited 2 branches of the dungeon, and saw 16 of its levels.

You collected 1208 gold pieces.
You spent 420 gold pieces at shops.

Inventory:

Hand Weapons
 a - a +0 shortbow of draining
 l - the +8 dagger of the Throat (weapon) {spect, Fly Int+2 Stlth+}
   (You found it on level 2 of the Dungeon)

   Int:       It affects your intelligence (+2).
   Fly:       It grants you flight.
   Stlth:     It makes you more stealthy.
Missiles
 q - a throwing net (quivered)
Armour
 c - a +1 leather armour
 r - a +0 kite shield
 w - the +1 leather armour of the Enchanted Forest (worn) {rPois Regen+ Int-3 Dex+3}
   (You bought it in a shop on level 9 of the Dungeon)

   Int:       It affects your intelligence (-3).
   Dex:       It affects your dexterity (+3).
   rPois:     It protects you from poison.
   Regen:     It increases your rate of health regeneration.
 z - a scarf of repulsion (worn)
 B - +0 acid dragon scales
 P - +0 swamp dragon scales
 Q - a +2 hat (worn)
Jewellery
 e - a ring of flight
 g - a ring of see invisible (left hand)
 p - a ring of wizardry (right hand)
Wands
 m - a wand of mindburst (3)
 x - a wand of charming (2)
 y - a wand of quicksilver (8)
 J - a wand of iceblast (3)
Scrolls
 b - 3 scrolls of immolation
 d - 6 scrolls of teleportation
 f - 2 scrolls of amnesia
 n - a scroll of torment
 o - a scroll of magic mapping
 v - 5 scrolls of vulnerability
 C - a scroll of poison
 D - a scroll of blinking
 E - a scroll of identify
 G - a scroll of fear
 H - a scroll of fog
 K - 3 scrolls of enchant armour
 L - a scroll of brand weapon
Potions
 h - a potion of berserk rage
 i - 3 potions of brilliance
 j - 4 potions of attraction
 k - a potion of degeneration
 s - 2 potions of flight
 t - 4 potions of cancellation
 u - 2 potions of resistance
 A - 2 potions of curing
 F - a potion of magic
 I - a potion of mutation
 M - 3 potions of ambrosia
 N - a potion of invisibility {unknown}
 R - a potion of haste {unknown}
 S - a potion of might {unknown}
Miscellaneous
 O - a phial of floods (inert)


   Skills:
 - Level 8.0 Fighting
 - Level 14.0 Short Blades
 - Level 5.3 Ranged Weapons
 - Level 5.0 Armour
 + Level 10.5 Dodging
 - Level 20.0 Stealth
 - Level 6.0 Invocations
 - Level 6.0 Evocations


You had 13 spell levels left.
You didn't know any spells.
Your spell library contained the following spells:

 Spells                   Type           Power      Damage    Failure   Level
 Foxfire                  Conj/Fire      0%         2x1d4     21%         1
 Magic Dart               Conj           0%         1d3       21%         1
 Necrotise                Necr           0%         1d4       21%         1
 Blink                    Tloc           0%         N/A       32%         2
 Call Imp                 Summ           0%         N/A       32%         2
 Call Canine Familiar     Summ           0%         N/A       52%         3
 Dazzling Flash           Conj/Hex       0%         N/A       52%         3
 Inner Flame              Hex/Fire       0%         N/A       52%         3
 Mephitic Cloud           Conj/Pois/Air  0%         N/A       52%         3
 Portal Projectile        Hex/Tloc       0%         N/A       52%         3
 Vampiric Draining        Necr           0%         2d6       52%         3
 Flame Wave               Conj/Fire      0%         2d4       88%         4
 Iskenderun's Mystic Bla  Conj/Tloc      0%         2d3       88%         4
 Leda's Liquefaction      Hex/Erth       0%         N/A       88%         4
 Manifold Assault         Tloc           0%         N/A       88%         4
 Sticky Flame             Conj/Fire      0%         2d3       88%         4
 Agony                    Necr           0%         N/A       99%         5
 Fireball                 Conj/Fire      0%         3d3       99%         5
 Silence                  Hex/Air        0%         N/A       99%         5
 Starburst                Conj/Fire      0%         6d3       100%        6
 Storm Form               Tmut/Air       0%         N/A       100%        7


Dungeon Overview and Level Annotations

Branches:
Dungeon (11/15)            Temple (0/1) D:7            Lair (5/5) D:9
 Shoals (0/4) Lair:3        Snake (0/4) Lair:2          Orc (0/2) D:10
  Slime: Lair:4-5

Altars:
Ashenzari
Cheibriados
Dithmenos
Elyvilon
Gozag
Hepliaklqana
Nemelex Xobeh
Qazlal
Ru
Sif Muna
Trog
Vehumet
Wu Jian
Xom
Zin

Shops:
D:3 ?   D:4 [   D:5 [   D:9 [

Annotations:
Lair:2 3 runed translucent doors, bmack86's ghost, journeyman MiFi


Innate Abilities, Weirdness & Mutations

You are small and have problems with some larger weapons.
You are completely attuned to the shadows.


Message History

The elephant misses you.
The elephant trunk-slaps you but does no damage.
The yak gores you!
* * * LOW HITPOINT WARNING * * *
The elephant misses your +8 dagger of the Throat {spect, Fly Int+2 Stlth+}.
The elephant closely misses your +8 dagger of the Throat {spect, Fly Int+2 Stlth+}.
You hit the elephant.
The elephant is moderately wounded.
Your +8 dagger of the Throat {spect, Fly Int+2 Stlth+} hits the elephant but does no damage.
You hit the elephant.
The elephant is moderately wounded.
Your +8 dagger of the Throat {spect, Fly Int+2 Stlth+} hits the elephant.
The yak gores you.
* * * LOW HITPOINT WARNING * * *
The elephant completely misses your +8 dagger of the Throat {spect, Fly Int+2 Stlth+}.
The elephant trunk-slaps your +8 dagger of the Throat {spect, Fly Int+2 Stlth+} but does no damage.
The elephant barely misses you. The elephant misses you.
You puncture the elephant!
The elephant is heavily wounded.
Your +8 dagger of the Throat {spect, Fly Int+2 Stlth+} hits the elephant but does no damage.
You hit the elephant.
The elephant is severely wounded.
Your +8 dagger of the Throat {spect, Fly Int+2 Stlth+} hits the elephant.
The yak barely misses you.
The elephant tramples your +8 dagger of the Throat {spect, Fly Int+2 Stlth+} but does no damage.
The elephant trunk-slaps your +8 dagger of the Throat {spect, Fly Int+2 Stlth+}.
The elephant barely misses your +8 dagger of the Throat {spect, Fly Int+2 Stlth+}.
The elephant trunk-slaps your +8 dagger of the Throat {spect, Fly Int+2 Stlth+} but does no damage.
You catch the helpless elephant completely off-guard!
You spit the elephant like a pig!!!
You kill the elephant!
Dithmenos accepts your kill.
As you read the scroll of teleportation, it crumbles to dust.
You feel strangely unstable. The yak completely misses you.
Unknown command.
You hit the elephant but do no damage.
The elephant is lightly wounded.
Your +8 dagger of the Throat {spect, Fly Int+2 Stlth+} hits the elephant.
The elephant tramples you!
You die...

........... #####......#..
.................................
.................................
.................................
.............§......Y...†..†.†...
..†.............Y.............#..
....###.†.##.##(Y##......###.....
....# #..P#P.###@YY.....P##....#.
...####..##### ###Y.....##P...#..
.....##....## #.............+.
P...####....+ #............##.
#....##P..##.. #...........##
########..# # ##........###
###.#..## .......## ..#..#...##
..........#


You could see 4 elephants, a yak and a friendly +8 dagger of the Throat {spect,
Fly Int+2 Stlth+} (summoned).

Vanquished Creatures
  Rupert (Lair:3)
  Gastronok (Lair:2)
  An ice dragon (D:9)
  2 hydras (Lair:5)
  A boulder beetle (D:9)
  2 two-headed ogres
  A skyshark (Lair:5)
  The ghost of Nacht the Covert, a novice NaNe (D:7)
  20 elephants
  A black mamba (Lair:1)
  A smoke demon (Lair:5)
  Maggie (Lair:2)
  2 rime drakes
  6 cane toads
  An efreet (D:10)
  2 kobold demonologists (D:9)
  6 komodo dragons
  A troll (D:10)
  A polar bear (Lair:5)
  9 blink frogs
  3 hornets
  A slime creature (D:7)
  3 wraiths
  A shadow (D:7)
  23 yaks
  3 wyverns
  2 basilisks
  A fire elemental (Lair:1)
  An acid dragon (D:9)
  17 water moccasins
  3 black bears
  3 ice beasts
  7 orc warriors
  A sky beast (D:7)
  6 wolves
  An ogre (D:6)
  6 centaurs
  2 phantoms (D:6)
  3 kobold brigands
  Blork the orc (D:6)
  2 gnoll sergeants
  4 bullfrogs
  9 wights
  6 scorpions
  5 killer bees (D:9)
  3 howler monkeys (D:9)
  4 electric eels
  5 jellies
  4 orc priests
  3 hounds
  Ijyb (D:3)
  11 orc wizards
  A sleepcap (D:5)
  5 iguanas
  9 gnolls
  5 adders
  A shadow imp (D:6)
  A white imp (D:4)
  An ufetubus (D:6)
  3 worms
  4 dart slugs
  40 orcs
  3 ball pythons
  2 bats
  11 endoplasms
  5 giant cockroaches
  2 goblins
  2 hobgoblins (D:2)
  5 jackals
  15 kobolds
  A quokka (D:1)
  A frilled lizard (D:1)
  11 rats
334 creatures vanquished.

Vanquished Creatures (others)
  30 fungi
  64 plants
  5 toadstools (D:2)
99 creatures vanquished.

Grand Total: 433 creatures vanquished

Notes
Turn   | Place    | Note
-------+----------+-------------------------------------------
     0 | D:1      | Newt the Kobold Hunter began the quest for the Orb.
     0 | D:1      | Reached XP level 1. HP: 12/12 MP: 1/1
   273 | D:1      | Reached XP level 2. HP: 17/18 MP: 2/2
   746 | D:1      | Reached XP level 3. HP: 23/23 MP: 3/3
   936 | D:1      | Found a faded altar of an unknown god.
  1150 | D:2      | Found a snail-covered altar of Cheibriados.
  1373 | D:2      | Identified the +8 dagger of the Throat {spect, Fly Int+2
                  | Stlth+}
  1916 | D:3      | Noticed Ijyb
  1946 | D:3      | Killed Ijyb
  1947 | D:3      | Reached XP level 4. HP: 12/30 MP: 4/4
  2287 | D:3      | Reached skill level 5 in Fighting
  2307 | D:3      | You are sucked into a shaft and drop 1 floor!
  2496 | D:4      | Reached XP level 5. HP: 32/35 MP: 5/5
  2843 | D:3      | Found Dureuso's Magic Scroll Boutique.
  2902 | D:3      | Reached XP level 6. HP: 39/40 MP: 6/6
  3153 | D:4      | Found Tumoch's Armour Shop.
  3169 | D:4      | Reached skill level 5 in Short Blades
  3182 | D:4      | Found a shadowy altar of Dithmenos.
  3189 | D:4      | Became a worshipper of Dithmenos the Shadowed
  3372 | D:5      | Entered Level 5 of the Dungeon
  3410 | D:5      | Noticed a yak
  3421 | D:5      | Killed a yak
  3422 | D:5      | Reached skill level 4 in Stealth
  3422 | D:5      | Reached XP level 7. HP: 39/44 MP: 7/7
  3427 | D:5      | Found a shimmering altar of Xom.
  3460 | D:5      | Reached skill level 5 in Stealth
  3517 | D:5      | Reached skill level 6 in Stealth
  3640 | D:5      | Reached XP level 8. HP: 49/49 MP: 8/8
  3798 | D:5      | Found Ycliqai's Armour Shoppe.
  3818 | D:5      | Reached skill level 5 in Dodging
  3828 | D:5      | Found a bloodstained altar of Trog.
  3846 | D:5      | Found an ornate altar of the Wu Jian Council.
  4402 | D:6      | Reached XP level 9. HP: 51/54 MP: 9/9
  4404 | D:6      | Reached * piety under Dithmenos
  4473 | D:6      | Noticed Blork the orc
  4477 | D:6      | Killed Blork the orc
  4688 | D:6      | Reached skill level 10 in Short Blades
  4688 | D:6      | Reached skill level 1 in Evocations
  4825 | D:6      | Found a large runed translucent door.
  4826 | D:6      | Found a large runed translucent door.
  5148 | D:6      | Found a hazy altar of Hepliaklqana.
  5158 | D:6      | Found a radiant altar of Vehumet.
  5425 | D:7      | Found a runed translucent door.
  5455 | D:7      | Reached skill level 5 in Evocations
  5473 | D:7      | Reached skill level 7 in Stealth
  5486 | D:7      | Reached skill level 8 in Stealth
  5821 | D:7      | Found a staircase to the Ecumenical Temple.
  5980 | D:7      | Reached skill level 9 in Stealth
  6116 | D:7      | Noticed Nacht's ghost (novice NaNe)
  6120 | D:7      | Killed Nacht's ghost
  6121 | D:7      | Reached skill level 10 in Stealth
  6121 | D:7      | Reached XP level 10. HP: 59/59 MP: 10/10
  6377 | D:8      | Reached skill level 11 in Stealth
  6451 | D:8      | Reached skill level 12 in Stealth
  6619 | D:8      | Reached ** piety under Dithmenos
  6917 | D:9      | Found Xizyid's Antique Armour Shoppe.
  6921 | D:9      | Bought an embroidered scarf for 224 gold pieces
  6966 | D:9      | Reached skill level 13 in Stealth
  7107 | D:9      | Reached skill level 14 in Stealth
  7340 | D:9      | Noticed an ice dragon
  7343 | D:9      | Noticed a boulder beetle
  7345 | D:9      | Noticed a kobold demonologist
  7381 | D:9      | Reached XP level 11. HP: 36/63 MP: 11/11
  7665 | D:9      | Found a staircase to the Lair.
  7691 | D:9      | Reached *** piety under Dithmenos
  8113 | D:9      | Noticed a two-headed ogre
  8127 | D:9      | Killed a two-headed ogre
  8152 | D:9      | Killed an ice dragon
  8173 | D:9      | Killed a boulder beetle
  8478 | D:9      | Bought a heavily runed leather armour for 196 gold pieces
  8478 | D:9      | Identified the +1 leather armour of the Enchanted Forest
                  | {rPois Regen+ Int-3 Dex+3} (You bought it in a shop on
                  | level 9 of the Dungeon)
  8503 | D:10     | Entered Level 10 of the Dungeon
  8834 | D:10     | Found a sacrificial altar of Ru.
  8964 | D:10     | Found a snail-covered altar of Cheibriados.
  8967 | D:10     | Found an opulent altar of Gozag.
  8968 | D:10     | Found a stormy altar of Qazlal.
  8972 | D:10     | Found a broken altar of Ashenzari.
  8974 | D:10     | Found a glowing silver altar of Zin.
  8979 | D:10     | Found a shimmering blue altar of Sif Muna.
  8980 | D:10     | Found a white marble altar of Elyvilon.
  9035 | D:10     | Reached **** piety under Dithmenos
  9175 | D:10     | Noticed a two-headed ogre
  9182 | D:10     | Killed a two-headed ogre
  9196 | D:10     | Found a sparkling altar of Nemelex Xobeh.
  9277 | D:10     | Found a staircase to the Orcish Mines.
  9363 | D:11     | Reached XP level 12. HP: 44/73 MP: 12/12
  9426 | Lair:1   | Entered Level 1 of the Lair of Beasts
  9528 | Lair:1   | Reached skill level 10 in Dodging
  9532 | Lair:1   | Reached skill level 1 in Armour
 10141 | Lair:1   | Reached skill level 5 in Armour
 10141 | Lair:1   | Reached skill level 1 in Invocations
 10385 | Lair:2   | Reached skill level 5 in Invocations
 10412 | Lair:2   | Noticed bmack86's ghost (journeyman MiFi)
 10424 | Lair:2   | Noticed a minotaur
 10646 | Lair:2   | Found a staircase to the Snake Pit.
 10652 | Lair:2   | Noticed Maggie
 10656 | Lair:2   | Killed Maggie
 10657 | Lair:2   | Reached XP level 13. HP: 78/78 MP: 17/17
 11058 | Lair:2   | Found a runed translucent gate.
 11058 | Lair:2   | Found a runed translucent gate.
 11059 | Lair:2   | Found a runed translucent gate.
 11130 | Lair:2   | Noticed Gastronok
 11134 | Lair:2   | Killed Gastronok
 11135 | Lair:2   | Reached skill level 15 in Stealth
 11614 | Lair:3   | Reached skill level 16 in Stealth
 11802 | Lair:3   | Found a staircase to the Shoals.
 11923 | Lair:3   | Noticed Rupert
 11927 | Lair:3   | Killed Rupert
 11928 | Lair:3   | Reached skill level 17 in Stealth
 11938 | Lair:3   | Reached ***** piety under Dithmenos
 12713 | Lair:4   | Reached skill level 18 in Stealth
 12806 | Lair:5   | Entered Level 5 of the Lair of Beasts
 12834 | Lair:5   | Noticed a five-headed hydra
 12842 | Lair:5   | Killed a five-headed hydra
 13187 | Lair:5   | Noticed an eight-headed hydra
 13213 | Lair:5   | Reached skill level 19 in Stealth
 13435 | Lair:5   | HP: 1/78 [eight-headed hydra (7)]
 13437 | Lair:5   | Killed an eight-headed hydra
 13556 | Lair:5   | Reached XP level 14. HP: 15/84 MP: 18/18
 13727 | Lair:5   | Reached skill level 20 in Stealth
 13817 | Lair:5   | Slain by an elephant

Illustrated notes

Levels and vault maps discovered:
D:1:      evilmike_arrival_crescent, layout_loops_corners,
          shapermc_ecumenical_altar_mp_urbaneastern, minmay_rat_gold_closets
D:2:      layout_basic, basic_altar, minmay_gold_behind_fungi
D:3:      layout_basic, serial_shops, nicolae_diamond_shop, uniq_ijyb
D:4:      layout_basic, grunt_dithmenos_smoke_and_mirrors, serial_shops, shop
D:5:      layout_rooms, kennysheep_mini, tgw_xom, trog_book, serial_shops,
          kennysheep_little_box, nicolae_hexahallways
D:6:      layout_gridville, jmf_multi_god_temple2, uniq_blork_the_orc,
          uniq_crazy_yiuf_cottage
D:7:      cheibrodos_barr_body, layout_basic, minmay_temple_entry_trees,
          ebering_ghost_reflecting_pool, eino_tiny_chamber, worms_lemuel
D:8:      layout_rooms, st_stairs_3
D:9:      layout_rooms, lair_entry_dummy, serial_shops,
          nicolae_shop_hallway_stairs, nzn_random_ring
D:10:     layout_cave_pools, nemelex_diamond_rough_becter,
          nicolae_overflow_hallway_of_the_gods, erik_orc_2
D:11:     layout_loops_ring
Lair:1:   layout_chaotic_city, amcnicky_mini_pool_medium
Lair:2:   layout_gridlike, dummy_snake_entry, maelrawn_ghost_gauntlet_escape,
          uniq_gastronok, uniq_maggie
Lair:3:   layout_cave_pods, elwin_shoals_entry_rocks, serial_bayou,
          serial_bayou_crossing, serial_bayou_pond_a, serial_bayou_lagoon_a,
          serial_bayou_shore_a, lemuel_fruit_tree, uniq_rupert
Lair:4:   layout_misc_corridors, grunt_megastairs_3, uniq_snorg
Lair:5:   hellmonk_lair_end_abyssal_woods, layout_regular_city,
          nicolae_slime_entry_slimehenge, uniq_josephine

Skill      XL: |  1  2  3  4  5  6  7  8  9 10 11 12 13 14 |
---------------+-------------------------------------------+-----
Fighting       | 3 4 5 8 |  8.0
Short Blades   | 2 4 6 9 10 11 14 | 14.0
Stealth        | 4 6 10 14 19 20 | 20.0
Dodging        | 4 6 7 10 | 10.5
Evocations     | 6 |  6.0
Armour         | 5 |  5.0
Invocations    | 6 |  6.0
Ranged Weapons | |  5.3

Action                     |  1- 3 |  4- 6 |  7- 9 | 10-12 | 13-15 || total
---------------------------+-------+-------+-------+-------+-------++-------
  Melee: Dagger            |    12 |    56 |    93 |   469 |   240 ||   870
         Punch             |       |       |     2 |     4 |     7 ||    13
   Fire: Shortbow          |    62 |       |       |       |       ||    62
 Invoke: Shadow Step       |       |       |       |       |     1 ||     1
  Evoke: Wand              |       |       |       |    11 |     6 ||    17
         Phial of floods   |       |       |       |       |     1 ||     1
    Use: Scroll            |     7 |     2 |     2 |     9 |     5 ||    25
         Potion            |       |       |     1 |     8 |     3 ||    12
   Stab: Sleeping          |     3 |    10 |    34 |    47 |    21 ||   115
         Distracted        |       |     1 |     3 |    14 |    10 ||    28
 Armour: Leather armour    |     8 |     3 |     6 |    22 |    25 ||    64
         Acid dragon scale |       |       |       |     8 |       ||     8
         Skin              |       |       |       |    17 |       ||    17
  Dodge: Dodged            |    20 |    22 |    29 |   300 |   261 ||   632
         Repelled          |       |       |       |     4 |     1 ||     5

Table legend: (Time is in decaauts)
 A = Elapsed time spent in this place.
 B = Non-inter-level travel time spent in this place.
 C = Inter-level travel time spent in this place.
 D = Time resting spent in this place.
 E = Time spent auto-exploring this place.
 F = Levels seen in this place.
 G = Mean time per level.
                   A        B        C        D        E       F      G
               +--------+--------+--------+--------+--------+-----+--------+
         Total |  13437 |  12868 |    569 |   2177 |   8868 |  16 |  839.8 |
       Dungeon |   9236 |   8746 |    490 |   1268 |   6326 |  11 |  839.6 |
          Lair |   4200 |   4121 |     79 |    909 |   2542 |   5 |  840.0 |
               +--------+--------+--------+--------+--------+-----+--------+

Top non-repeatable levels by time:
     D:9: 1526 daAuts
  Lair:2: 1184 daAuts
     D:3: 1170 daAuts
     D:7: 1146 daAuts
  Lair:3: 1098 daAuts
     D:6: 1004 daAuts
     D:1: 1001 daAuts
  Lair:5: 928 daAuts
  Lair:1: 876 daAuts
     D:5: 801 daAuts
    D:10: 791 daAuts
     D:2: 723 daAuts
     D:8: 529 daAuts
     D:4: 492 daAuts
  Lair:4: 112 daAuts
